 Dungeon Crawl Stone Soup version 0.30-a0-626-gd6a5dd7a1f (webtiles) character file.

Game seed: 2276859072655628214

6962 Newt the Carver (level 10, -1/72 HPs)
             Began as a Demonspawn Gladiator on Jan 11, 2023.
             Was a Believer of Hepliaklqana.
             Slain by a gnoll sergeant
             ... wielding a +1 spear of distortion
              (9 damage)
             ... on level 9 of the Dungeon.
             The game lasted 00:11:25 (8351 turns).

Newt the Carver (Demonspawn Gladiator)              Turns: 8351, Time: 00:11:25

Health: -1/72      AC:  8    Str: 29    XL:     10   Next: 81%
Magic:  0/25       EV: 13    Int:  8    God:    Hepliaklqana [**....]
Gold:   372        SH:  0    Dex: 12    Spells: 14/17 levels left

rFire   + + .      SeeInvis +    r - +8 falchion of Ximawiub {elec, rN+ rCorr Str-3 Stlth+}
rCold   x x .      Faith    .    (no shield)
rNeg    + + .      Spirit   +    b - +0 leather armour
rPois   .          Reflect  .    c - +0 helmet
rElec   +          Harm     .    j - +0 cloak
rCorr   +          Rampage  .    (no gloves)
Will    .....                    (no boots)
Stlth   +++                      (no amulet)
HPRegen 0.32/turn                D - ring of Huamaewk {Fire rN+ Str+9 Dex-2 SInv}
MPRegen 0.38/turn                z - ring of Iddav {Fire rElec MP+9}

@: no status effects
A: reduced essence, claws 2, rugged brown scales 2, magic shield, magic
regeneration, hooves 1, strong 1
a: Renounce Religion, Recall Ancestor, Ancestor Identity


You were on level 9 of the Dungeon.
You worshipped Hepliaklqana.
Hepliaklqana was pleased with you.
You visited 2 branches of the dungeon, and saw 10 of its levels.

You collected 453 gold pieces.
You spent 81 gold pieces at shops.

Inventory:

Hand Weapons
 a - a +0 rapier
 f - a +0 short sword of venom
 r - the +8 falchion of Ximawiub (weapon) {elec, rN+ rCorr Str-3 Stlth+}
   (You found it on level 2 of the Dungeon)

   Str:       It affects your strength (-3).
   rN:        It protects you from negative energy.
   rCorr:     It protects you from acid and corrosion.
   Stlth:     It makes you more stealthy.
Missiles
 d - 6 throwing nets
 h - 5 javelins
 G - 8 boomerangs
Armour
 b - a +0 leather armour (worn)
 c - a +0 helmet (worn)
 j - a +0 cloak (worn)
 Q - a +0 kite shield
Jewellery
 k - a +5 ring of evasion
 y - a ring of magical power
 z - the ring of Iddav (right claw) {Fire rElec MP+9}
   (You found it on level 4 of the Dungeon)

   [ring of fire]

   It enhances your fire magic.
   rF:        It protects you from fire.
   rC:        It makes you vulnerable to cold.
   rElec:     It insulates you from electricity.
   MP:        It affects your magic capacity (+9).
 D - the ring of Huamaewk (left claw) {Fire rN+ Str+9 Dex-2 SInv}
   (You acquired it on level 7 of the Dungeon)

   [ring of fire]

   It enhances your fire magic.
   Str:       It affects your strength (+9).
   Dex:       It affects your dexterity (-2).
   rF:        It protects you from fire.
   rC:        It makes you vulnerable to cold.
   rN:        It protects you from negative energy.
   SInv:      It lets you see invisible.
 O - an amulet of faith
Wands
 x - a wand of iceblast (6)
 B - a wand of paralysis (8)
 N - a wand of flame (6)
Scrolls
 e - 3 scrolls of noise
 g - 3 scrolls of immolation
 m - 3 scrolls of poison
 s - 2 scrolls of fear
 C - 2 scrolls of fog
 F - 3 scrolls of teleportation
 H - a scroll of brand weapon
 K - a scroll of butterflies
 L - a scroll of enchant weapon {unknown}
 M - 3 scrolls of blinking {unknown}
 P - a scroll of magic mapping
Potions
 i - 3 potions of attraction
 l - 3 potions of flight
 n - 4 potions of curing
 o - 2 potions of mutation
 p - 3 potions of haste
 q - 2 potions of brilliance
 t - a potion of magic
 u - a potion of lignification
 v - a potion of berserk rage
 w - 2 potions of degeneration
 A - 2 potions of ambrosia
 E - a potion of heal wounds
 I - a potion of cancellation {unknown}
 J - a potion of might {unknown}


   Skills:
 - Level 6.0 Fighting
 - Level 4.0(6.7) Short Blades
 - Level 8.5(9.0) Long Blades
 - Level 1.7 Throwing
 - Level 6.0 Armour
 - Level 4.0 Dodging
 - Level 2.0 Stealth
 + Level 4.4 Spellcasting
 + Level 4.9 Hexes
 + Level 4.4 Fire Magic
 - Level 4.0 Invocations


You had 14 spell levels left.
You knew the following spells:

 Your Spells              Type           Power      Damage    Failure   Level
a - Inner Flame           Hex/Fire       20%        N/A       14%         3

Your spell library contained the following spells:

 Spells                   Type           Power      Damage    Failure   Level
 Ensorcelled Hibernation  Hex/Ice        10%        N/A       17%         2
 Spider Form              Tmut/Pois      1%         N/A       67%         3
 Anguish                  Hex/Necr       2%         N/A       75%         4
 Flame Wave               Conj/Fire      11%        2d6       77%         4
 Sticky Flame             Conj/Fire      11%        2d3       77%         4


Dungeon Overview and Level Annotations

Branches:
Dungeon (9/15)             Temple (1/1) D:4
   Lair: D:8-11         Orc: D:9-12

Altars:
Ashenzari
Cheibriados
Dithmenos
Fedhas
Gozag
Hepliaklqana
Kikubaaqudgha
Makhleb
Nemelex Xobeh
Okawaru
Qazlal
Ru
Sif Muna
Trog
Uskayaw
Wu Jian
Xom

Shops:
D:7 *


Innate Abilities, Weirdness & Mutations

Your life essence is reduced to manifest your ancestor. (-10% HP)
You have very sharp fingernails.
You are mostly covered in rugged brown scales. (AC +2, +5% HP)
When hurt, damage is shared between your health and your magic reserves.
You regenerate magic rapidly.
You have large cloven feet.
Your muscles are strong. (Str +4, Int/Dex -1)


Message History

The gnoll explodes!
The fiery explosion engulfs you! You resist.
Nozipho completely misses the centaur.
The centaur shakes.
The centaur closely misses Nozipho.
The centaur barely misses Nozipho.
Nozipho barely misses the centaur.
You swap places.
The gnoll sergeant hits you from afar with a +1 spear of distortion!
* * * LOW HITPOINT WARNING * * *
Nozipho hits the gnoll with a +0 dagger of draining!
Nozipho drains the gnoll.
The gnoll dies!
You hit the centaur.
The centaur is moderately wounded.
The gnoll barely misses Nozipho.
The gnoll sergeant barely misses you. The centaur hits you.
* * * LOW HITPOINT WARNING * * *
The centaur barely misses you.
Really walk into that cloud of flame?
You are engulfed in blazing flames.
You resist.
* * * LOW HITPOINT WARNING * * *
The gnoll barely misses Nozipho.
Nozipho hits the centaur with a +0 dagger of draining!
Nozipho drains the centaur.
The centaur seems less confused.
The centaur wields a +3 shortbow.
The centaur shoots an arrow.
The arrow hits you!
* * * LOW HITPOINT WARNING * * *
Nozipho hits the centaur with a +0 dagger of draining!
The centaur dies!
The gnoll barely misses Nozipho.
Nozipho hits the gnoll with a +0 dagger of draining.
Nozipho drains the gnoll.
You hit the gnoll. Your kick misses the gnoll.
The gnoll is moderately wounded.
Nozipho barely misses the gnoll.
The gnoll hits Nozipho with a +0 halberd!
The gnoll sergeant hits you from afar with a +1 spear of distortion.
* * * LOW HITPOINT WARNING * * *
Space warps horribly around you!
You die...

#.........# #.........#
##.........# ...........#
#.......g.######
#..........#########.#...P


You could see the friendly Nozipho the hexer, a gnoll sergeant and 2 gnolls.

Vanquished Creatures
  A two-headed ogre (D:9)
  A skeletal warrior (D:9)
  The ghost of sirJeffrey23 the Fighter, an amateur OgMo (D:4)
  A troll (D:9)
  5 slime creatures (D:8)
  A wraith (D:9)
  Sigmund (D:3)
  5 yaks
  A wyvern (D:6)
  A steam dragon (D:7)
  A water moccasin (D:7)
  Edmund (D:6)
  2 orc warriors
  Duvessa (D:6)
  A sky beast (D:7)
  4 centaurs
  A phantom (D:4)
  A kobold brigand (D:7)
  A bullfrog (D:7)
  A scorpion (D:7)
  3 necrophages
  4 wights (D:6)
  Dowan (D:6)
  2 killer bees (D:9)
  3 jellies
  3 gnoll boudas
  6 hounds
  3 orc priests
  4 iguanas
  A hexer (D:8)
  3 orc wizards
  19 gnolls
  8 adders
  A shadow imp (D:7)
  A white imp (D:6)
  An ufetubus (D:6)
  4 worms
  35 orcs
  9 ball pythons
  8 endoplasms
  4 giant cockroaches
  15 goblins
  4 hobgoblins
  5 jackals
  10 kobolds
  3 quokkas
  6 bats
  3 frilled lizards
  7 rats
208 creatures vanquished.

Vanquished Creatures (collateral kills)
  A water moccasin (D:9)
  An orc warrior (D:9)
  A centaur (D:9)
  A kobold brigand (D:8)
  A killer bee (D:9)
  A hound (D:7)
  An iguana (D:6)
  2 gnolls
  An orc (D:9)
  4 kobolds
14 creatures vanquished.

Vanquished Creatures (others)
  An ancestor (D:7)
  A hexer (D:8)
2 creatures vanquished.

Grand Total: 224 creatures vanquished

Notes
Turn   | Place    | Note
-------+----------+-------------------------------------------
     0 | D:1      | Newt the Demonspawn Gladiator began the quest for the Orb.
     0 | D:1      | Reached XP level 1. HP: 16/16 MP: 1/1
    29 | D:1      | Reached skill level 1 in Stealth
    70 | D:1      | Gained mutation: You are partially covered in rugged brown
                  | scales. (AC +1, +3% HP) [demonic ancestry]
    70 | D:1      | Reached XP level 2. HP: 9/22 MP: 2/2
   384 | D:1      | Gained mutation: You regenerate magic rapidly. [demonic
                  | ancestry]
   384 | D:1      | Reached XP level 3. HP: 28/28 MP: 3/3
   502 | D:2      | Gained mutation: You have sharp fingernails. [demonic
                  | ancestry]
   502 | D:2      | Reached XP level 4. HP: 32/38 MP: 4/4
  1102 | D:2      | Gained mutation: You have very sharp fingernails. [demonic
                  | ancestry]
  1102 | D:2      | Reached XP level 5. HP: 43/43 MP: 5/5
  1104 | D:2      | Identified the +8 falchion of Ximawiub {elec, rN+ rCorr
                  | Str-3 Stlth+}
  1406 | D:3      | Noticed Sigmund
  1597 | D:3      | Killed Sigmund
  1598 | D:3      | Reached skill level 2 in Long Blades
  1598 | D:3      | Reached XP level 6. HP: 49/49 MP: 6/6
  1732 | D:3      | Reached skill level 3 in Long Blades
  2283 | D:4      | Reached skill level 4 in Long Blades
  2347 | D:4      | Found a staircase to the Ecumenical Temple.
  2366 | Temple   | Entered the Ecumenical Temple
  2601 | Temple   | Became a worshipper of Hepliaklqana the Forgotten
  2691 | D:4      | Reached XP level 7. HP: 55/55 MP: 7/7
  2786 | D:4      | Found an ornate altar of the Wu Jian Council.
  2820 | D:4      | Reached skill level 5 in Long Blades
  2989 | D:4      | Found a runed translucent gate.
  2989 | D:4      | Found an opulent altar of Gozag.
  2990 | D:4      | Found a runed translucent gate.
  2991 | D:4      | Found a runed translucent gate.
  2992 | D:4      | Noticed sirJeffrey23's ghost (amateur OgMo)
  3296 | D:4      | Identified the ring of Iddav {Fire rElec MP+9}
  3402 | D:4      | Killed sirJeffrey23's ghost
  3403 | D:4      | Reached skill level 1 in Armour
  3403 | D:4      | Gained mutation: You are mostly covered in rugged brown
                  | scales. (AC +2, +5% HP) [demonic ancestry]
  3403 | D:4      | Reached XP level 8. HP: 63/63 MP: 7/11
  3505 | D:5      | Entered Level 5 of the Dungeon
  3825 | D:5      | Found a burning altar of Makhleb.
  4214 | D:6      | Noticed Duvessa
  4214 | D:6      | Noticed Dowan
  4222 | D:6      | Killed Duvessa
  4223 | D:6      | Reached skill level 5 in Fighting
  4226 | D:6      | Killed Dowan
  4338 | D:6      | Reached * piety under Hepliaklqana
  4468 | D:6      | Noticed Edmund
  4479 | D:6      | Killed Edmund
  4524 | D:6      | Reached skill level 5 in Armour
  4524 | D:6      | Gained mutation: When hurt, damage is shared between your
                  | health and your magic reserves. [demonic ancestry]
  4524 | D:6      | Reached XP level 9. HP: 65/65 MP: 12/12
  4619 | D:6      | Identified the +3 war axe of Death's Door {flame, Str+2
                  | Dex+6 Stlth+}
  5391 | D:7      | Reached skill level 6 in Long Blades
  5671 | D:7      | Reached skill level 7 in Long Blades
  5745 | D:7      | Identified a scroll of acquirement
  5745 | D:7      | Acquired the ring of Huamaewk {Fire rN+ Str+9 Dex-2 SInv}
  5758 | D:7      | Learned a level 3 spell: Inner Flame
  5769 | D:7      | Reached ** piety under Hepliaklqana
  5786 | D:7      | Remembered your ancestor Nozipho as a hexer
  5787 | D:7      | Found Qureseib's Assorted Antiques.
  5815 | D:7      | Bought a purple potion for 25 gold pieces
  5815 | D:7      | Bought a scroll labelled UQIFEA CEACE for 28 gold pieces
  5815 | D:7      | Bought a scroll labelled GEAVOI DEEMMIATS for 28 gold
                  | pieces
  5921 | D:7      | Found a sparkling altar of Nemelex Xobeh.
  5922 | D:7      | Found an opulent altar of Gozag.
  6088 | D:8      | Reached skill level 8 in Long Blades
  6580 | D:8      | Reached skill level 1 in Spellcasting
  6580 | D:8      | Reached skill level 1 in Hexes
  6580 | D:8      | Reached skill level 1 in Fire Magic
  6580 | D:8      | Reached XP level 10. HP: 65/72 MP: 13/13
  6864 | D:8      | Gained mutation: Your muscles are strong. (Str +4, Int/Dex
                  | -1) [potion of mutation]
  6864 | D:8      | Gained mutation: You have large cloven feet. [potion of
                  | mutation]
  7017 | D:8      | Found a sacrificial altar of Ru.
  7588 | D:9      | Noticed a two-headed ogre
  7598 | D:9      | Killed a two-headed ogre
  7794 | D:9      | Noticed a skeletal warrior
  8162 | D:9      | Killed a skeletal warrior
  8331 | D:9      | Found a stormy altar of Qazlal.
  8351 | D:9      | Slain by a gnoll sergeant

Illustrated notes

Levels and vault maps discovered:
D:1:      dpeg_arrival_solitude, layout_rooms
D:2:      layout_loops_ring
D:3:      layout_basic, nicolae_kite_square_tiling_tiny, nrook_mini_backslash,
          hangedman_decor_clover_reticule, uniq_sigmund
D:4:      layout_loops_cross, mainiacjoe_overflow_six_doors_small,
          minmay_temple_entry_stoned_glass, ebering_ghost_gozag
D:5:      layout_basic, makhleb_heckhound_becter
D:6:      layout_cave_pods, eino_curves_03, item_on_display_a, uniq_duvessa,
          uniq_edmund
D:7:      layout_basic, grunt_temple_overflow_opulence, kennysheep_mini_moat,
          serial_shops, nicolae_stop_n_shop_2
D:8:      nicolae_cairo_tiling_large, layout_basic, hangedman_ru_absence
D:9:      layout_cross, grunt_qazlal_clouds, serial_park, serial_park_avenue1,
          serial_park_tiny_2, serial_park_square3 [serial_park_minivault_5x5_7]
Temple:   nicolae_temple_figure_eight

Skill      XL: |  1  2  3  4  5  6  7  8  9 10 |
---------------+-------------------------------+-----
Stealth        | 1 2 |  2.0
Fighting       | 3 4 6 |  6.0
Short Blades   | 3 4 |  4.0
Long Blades    | 2 4 5 8 |  8.5
Dodging        | 4 |  4.0
Invocations    | 4 |  4.0
Armour         | 1 5 6 |  6.0
Spellcasting   | 1 4 |  4.4
Hexes          | 1 4 |  4.9
Fire Magic     | 1 4 |  4.4
Throwing       | |  1.7

Action                   |  1- 3 |  4- 6 |  7- 9 | 10-12 || total
-------------------------+-------+-------+-------+-------++-------
Melee: Rapier            |    22 |       |       |       ||    22
       Short sword       |    85 |    70 |       |       ||   155
       Punch             |     1 |     3 |     2 |     2 ||     8
       Falchion          |       |    73 |   289 |    84 ||   446
       Kick              |       |       |       |    16 ||    16
Throw: Javelin           |     1 |       |       |       ||     1
 Cast: Inner Flame       |       |       |       |     5 ||     5
Invok: Ancestor Life: He |       |       |     1 |       ||     1
  Use: Scroll            |       |     7 |    13 |     2 ||    22
       Potion            |       |       |     4 |     1 ||     5
 Stab: Sleeping          |       |     6 |    10 |       ||    16
       Distracted        |       |       |     3 |     5 ||     8
       Confused          |       |       |     1 |       ||     1
Armor: Leather armour    |    24 |    28 |    62 |    34 ||   148
       Skin              |       |       |    20 |       ||    20
Dodge: Dodged            |    80 |   129 |   235 |    55 ||   499

Table legend: (Time is in decaauts)
 A = Elapsed time spent in this place.
 B = Non-inter-level travel time spent in this place.
 C = Inter-level travel time spent in this place.
 D = Time resting spent in this place.
 E = Time spent auto-exploring this place.
 F = Levels seen in this place.
 G = Mean time per level.
                   A        B        C        D        E       F      G
               +--------+--------+--------+--------+--------+-----+--------+
         Total |   8344 |   8032 |    312 |   1240 |   5373 |  10 |  834.4 |
       Dungeon |   8077 |   7823 |    254 |   1240 |   5167 |   9 |  897.4 |
        Temple |    266 |    208 |     58 |      0 |    206 |   1 |  266.0 |
               +--------+--------+--------+--------+--------+-----+--------+

Top non-repeatable levels by time:
     D:8: 1783 daAuts
     D:6: 1075 daAuts
     D:2: 1044 daAuts
     D:4: 976 daAuts
     D:3: 739 daAuts
     D:7: 719 daAuts
     D:5: 708 daAuts
     D:9: 563 daAuts
     D:1: 466 daAuts
  Temple: 266 daAuts
